 Dungeon Crawl Stone Soup version 0.29.1-15-g9cfb28693d (webtiles) character file.

Game seed: 6159630624559835555

143 javelincjr the Conjurer (level 5, -7/30 HPs)
             Began as a Deep Elf Conjurer on Mar 15, 2023.
             Killed by nerve-wracking pain
             ... invoked by an orc priest
              (10 damage)
             ... on level 4 of the Dungeon.
             The game lasted 00:09:04 (3001 turns).

javelincjr the Conjurer (Deep Elf Conjurer)         Turns: 3001, Time: 00:09:04

Health: -7/30      AC:  3    Str:  6    XL:     5   Next: 4%
Magic:  10/14      EV: 13    Int: 23    God:
Gold:   213        SH:  0    Dex: 13    Spells: 9/13 levels left

rFire   x . .      SeeInvis .   (no weapon)
rCold   + . .      Faith    .   (no shield)
rNeg    . . .      Spirit   .   a - +0 robe
rPois   .          Reflect  .   (no helmet)
rElec   .          Harm     .   f - +0 cloak
rCorr   .          Rampage  .   (no gloves)
Will    .....                   (no boots)
Stlth   ++........              (no amulet)
HPRegen 0.10/turn               m - ring of ice
MPRegen 0.14/turn               (no ring)

@: no status effects
A: no striking features
a: no special abilities


You were on level 4 of the Dungeon.
You visited 1 branch of the dungeon, and saw 4 of its levels.

You collected 213 gold pieces.

Inventory:

Hand Weapons
 q - a +2 dagger of draining
Missiles
 s - a throwing net
Armour
 a - a +0 robe (worn)
 f - a +0 cloak (worn)
 r - a +2 ring mail of positive energy
Jewellery
 m - a ring of ice (left hand)
Wands
 p - a wand of flame (16)
Scrolls
 d - 2 scrolls of identify {unknown}
 g - 5 scrolls of enchant armour {unknown}
 i - a scroll of butterflies {unknown}
 n - a scroll of magic mapping {unknown}
 o - a scroll of noise {unknown}
 t - a scroll of immolation {unknown}
 u - a scroll of blinking {unknown}
Potions
 b - a potion of magic
 c - 3 potions of lignification {unknown}
 e - 2 potions of ambrosia {unknown}
 h - 3 potions of heal wounds {unknown}
 j - a potion of mutation {unknown}
 k - a potion of curing {unknown}
 l - a potion of flight {unknown}


   Skills:
 * Level 1.8 Fighting
 + Level 3.1 Dodging
 + Level 3.2 Stealth
 * Level 4.8 Spellcasting
 + Level 4.8 Conjurations


You had 9 spell levels left.
You knew the following spells:

 Your Spells              Type           Power      Damage    Failure   Level
a - Magic Dart            Conj           100%       1d8       1%          1
b - Searing Ray           Conj           54%        2d6       1%          2
c - Foxfire               Conj/Fire      64%        2x1d7     3%          1

Your spell library contained the following spells:

 Spells                   Type           Power      Damage    Failure   Level
 Apportation              Tloc           10%        N/A       10%         1
 Necrotise                Necr           20%        1d5       10%         1
 Sandblast                Erth           10%        2d5       10%         1
 Sting                    Tmut/Pois      20%        1d4       10%         1
 Summon Small Mammal      Summ           20%        N/A       10%         1
 Conjure Flame            Conj/Fire      16%        6-21      11%         3
 Dazzling Flash           Conj/Hex       32%        N/A       11%         3
 Stone Arrow              Conj/Erth      32%        3d9       11%         3
 Passwall                 Tmut/Erth      4%         N/A       14%         2
 Poisonous Vapours        Pois/Air       10%        N/A       14%         2
 Inner Flame              Hex/Fire       5%         N/A       28%         3
 Flame Wave               Conj/Fire      16%        2d7       34%         4
 Fulminant Prism          Conj/Hex       8%         3d7       34%         4
 Iskenderun's Mystic Bla  Conj/Tloc      16%        2d5       34%         4
 Olgreb's Toxic Radiance  Pois           5%         N/A       67%         4


Dungeon Overview and Level Annotations

Branches:
Dungeon (4/15)
 Temple: D:4-7

Altars:

Shops:
D:1 =   D:2 [


Message History

Found an escape hatch in the ceiling.
Found a quarterstaff.
An orc priest comes into view. It is wielding a +0 hand axe.
You conjure some foxfire!
You conjure some foxfire!
You conjure some foxfire!
The foxfire hits the orc priest.
The orc priest is moderately wounded.
The orc priest shouts!
Your foxfire dissipates!
You conjure some foxfire!
The foxfire hits the orc priest but does no damage.
The orc priest is moderately wounded.
The foxfire hits the orc priest.
The orc priest is heavily wounded.
The foxfire hits the orc priest.
The orc priest is severely wounded.
The orc priest mumbles some strange prayers to Beogh against you.
Beogh smites you!
Ouch! That really hurt!
An orc priest comes into view. It is wielding a +0 flail.
The foxfire hits the orc priest.
The orc priest is severely wounded.
You hear a shout!
You are too injured to fight recklessly!
The foxfire hits the orc priest.
The orc priest is almost dead.
The foxfire hits the orc priest.
You kill the orc priest!
An orc comes into view. It is wielding a +0 trident.
You have reached level 5!
An orc wizard comes into view. It is wielding a +0 dagger.
An orc comes into view. It is wielding a +0 club.
The orc shouts!
The orc wizard casts a spell at you. The magic dart hits you!
* * * LOW HITPOINT WARNING * * *
A ball python comes into view.
The orc priest mumbles some strange prayers to Beogh against you.
Pain shoots through your body!
You die...

...... .....
.....## ....#
..)o..# .oS.#
......# ....#
.....o#####....####
.................#
#.............#
#.....@.<.....#
#.............#
#.............#
##............#
#.)..........#
##.....#######
#####.#
#######.######
.>...).......#


You could see an orc priest, an orc wizard, an orc and a ball python
(wandering).

Vanquished Creatures
  An orc priest (D:4)
  Ijyb (D:3)
  2 adders (D:3)
  2 worms
  2 dart slugs
  6 ball pythons
  9 endoplasms
  5 goblins
  3 hobgoblins
  4 quokkas
  12 bats
  4 frilled lizards
  4 kobolds
  3 rats
58 creatures vanquished.

Vanquished Creatures (collateral kills)
  4 foxfires (D:3)
4 creatures vanquished.

Vanquished Creatures (others)
  119 foxfires
119 creatures vanquished.

Grand Total: 181 creatures vanquished

Notes
Turn   | Place    | Note
-------+----------+-------------------------------------------
     0 | D:1      | javelincjr the Deep Elf Conjurer began the quest for the
                  | Orb.
     0 | D:1      | Reached XP level 1. HP: 10/10 MP: 6/6
   128 | D:1      | Found a faded altar of an unknown god.
   136 | D:1      | Reached XP level 2. HP: 16/16 MP: 4/8
   139 | D:1      | Learned a level 2 spell: Searing Ray
   335 | D:1      | Found Viaha Piuze's Jewellery Boutique.
   536 | D:1      | Reached skill level 1 in Fighting
   619 | D:1      | Reached XP level 3. HP: 20/20 MP: 6/10
   924 | D:2      | Learned a level 1 spell: Foxfire
  1191 | D:2      | Found Voedi's Antique Armour Emporium.
  2149 | D:3      | Reached XP level 4. HP: 25/25 MP: 10/12
  2264 | D:3      | Noticed Ijyb
  2278 | D:3      | Killed Ijyb
  2998 | D:4      | Reached XP level 5. HP: 13/30 MP: 9/14
  3001 | D:4      | Killed from afar by an orc priest

Illustrated notes

Levels and vault maps discovered:
D:1:      minmay_arrival_shattered_statue, layout_rooms,
          shapermc_ecumenical_altar_mp_ritualfount, serial_shops,
          nicolae_shop_crystal
D:2:      layout_basic, serial_shops, nicolae_shop_crystal
D:3:      layout_loops_ring, serial_forest, infiniplex_forest_end_double,
          infiniplex_forest_pool, infiniplex_forest_zigzag_1,
          infiniplex_forest_straight_4, infiniplex_forest_straight_2,
          infiniplex_forest_straight_1, infiniplex_forest_lined_corner,
          uniq_ijyb
D:4:      layout_basic

Skill      XL: |  1  2  3  4 |
---------------+-------------+-----
Fighting       | 1 |  1.8
Spellcasting   | 4 |  4.8
Stealth        | 3 |  3.2
Dodging        | 3 |  3.1
Conjurations   | |  4.8

Action                   |  1- 3 |  4- 6 || total
-------------------------+-------+-------++-------
Melee: Unarmed           |     1 |       ||     1
 Cast: Magic Dart        |    47 |       ||    47
       Foxfire           |    42 |    33 ||    75
       Searing Ray       |     1 |     1 ||     2
Dodge: Dodged            |     6 |     6 ||    12
